Workbook

Sheet DETAIL ESTIMATE
A1: PROJECT | C1: DISCOUNT RETAIL STORE - TEXAS | Q1: Estimators:
A2: ADDRESS | C2: Texas | Q2: Reviewed By:
A3: SCOPE OF WORK | C3: MEP (Demolition, Plumbing, HVAC, Electrical) | H3: Please Confirm/Add Price
A4: Date of Plans | C4: 46244 | H4: Please Confirm Scope
A5: Date of Submission | C5: 46302
A6: =A$296 | C6: =P$296
A7: Sr. # | B7: DWG. No. | C7: DETAIL NO. | D7: SUB DETAIL | E7: COLOR CODE | F7: DESCRIPTION | G7: QUANTITY | H7: WASTE | I7: QTY. W/ WASTE | J7: UNIT | K7: LABOR/EQUIP. COST | L7: MATERIAL COST | M7: TOTAL LABOR | N7: TOTAL MATERIAL | O7: TOTAL UNIT COST | P7: TOTAL COST | Q7: DIVISION SUBTOTALS
A8: =IF(G8<>"",1+MAX($A$7:A7),"") | E8: 01 00 00 | F8: GENERAL REQUIREMENTS
A9: =IF(G9<>"",1+MAX($A$7:A8),"") | B9: P1/P2 | F9: Sanitary Line Video Scope Before Start Of Work And Before Turnover | G9: 1 | H9: 0 | I9: =G9*(1+H9) | J9: LS | K9: 0 | L9: 0 | M9: =K9*I9 | N9: =L9*I9 | O9: =L9+K9 | P9: =O9*I9
A10: =IF(G10<>"",1+MAX($A$7:A9),"") | B10: P2 | F10: Domestic Water Service Pressure Test Before Start Of Work | G10: 1 | H10: 0 | I10: =G10*(1+H10) | J10: LS | K10: 0 | L10: 0 | M10: =K10*I10 | N10: =L10*I10 | O10: =L10+K10 | P10: =O10*I10
A11: =IF(G11<>"",1+MAX($A$7:A10),"") | B11: P2 | F11: As-Built Drawings (Plumbing) | G11: 1 | H11: 0 | I11: =G11*(1+H11) | J11: LS | K11: 0 | L11: 0 | M11: =K11*I11 | N11: =L11*I11 | O11: =L11+K11 | P11: =O11*I11
A12: =IF(G12<>"",1+MAX($A$7:A11),"") | B12: P3 | F12: Plumbing Permits And Inspections | G12: 1 | H12: 0 | I12: =G12*(1+H12) | J12: LS | K12: 0 | L12: 0 | M12: =K12*I12 | N12: =L12*I12 | O12: =L12+K12 | P12: =O12*I12
A13: =IF(G13<>"",1+MAX($A$7:A12),"") | B13: P1 | F13: Gas Meter Verify Capacity, Replace As Required Demand: 1,716 CFH | G13: 1 | H13: 0 | I13: =G13*(1+H13) | J13: LS | K13: 0 | L13: 0 | M13: =K13*I13 | N13: =L13*I13 | O13: =L13+K13 | P13: =O13*I13
A14: =IF(G14<>"",1+MAX($A$7:A13),"") | B14: M2.0 | C14: M3.0 | F14: Air Balancing Of HVAC Systems | G14: 1 | H14: 0 | I14: =G14*(1+H14) | J14: LS | K14: 0 | L14: 0 | M14: =K14*I14 | N14: =L14*I14 | O14: =L14+K14 | P14: =O14*I14
A15: =IF(G15<>"",1+MAX($A$7:A14),"")
A16: =IF(G16<>"",1+MAX($A$7:A15),"") | F16: GENERAL REQUIREMENTS SUB TOTAL | M16: =SUM(M9:M15) | N16: =SUM(N9:N15) | Q16: =SUM(P9:P15)
A17: =IF(G17<>"",1+MAX($A$7:A16),"")
A18: =IF(G18<>"",1+MAX($A$7:A17),"") | E18: 02 00 00 | F18: DEMOLITION
A19: =IF(G19<>"",1+MAX($A$7:A18),"") | F19: MECHANICAL DEMOLITION
A20: =IF(G20<>"",1+MAX($A$7:A19),"") | B20: MD1.0 | F20: Remove Existing Rooftop Unit With Condensate Piping, Ductwork, Power And Control Wiring | G20: 4 | H20: 0 | I20: =G20*(1+H20) | J20: EA | K20: 0 | L20: 0 | M20: =K20*I20 | N20: =L20*I20 | O20: =L20+K20 | P20: =O20*I20
A21: =IF(G21<>"",1+MAX($A$7:A20),"") | B21: MD1.0 | F21: Weatherproof Curb Cap On Abandoned Curb Insulated Galvanized Steel | G21: 3 | H21: 0 | I21: =G21*(1+H21) | J21: EA | K21: 0 | L21: 0 | M21: =K21*I21 | N21: =L21*I21 | O21: =L21+K21 | P21: =O21*I21
A22: =IF(G22<>"",1+MAX($A$7:A21),"") | B22: MD1.0 | F22: Prepare Existing Roof Curb For New Adapter Curb And RTU | G22: 1 | H22: 0 | I22: =G22*(1+H22) | J22: EA | K22: 0 | L22: 0 | M22: =K22*I22 | N22: =L22*I22 | O22: =L22+K22 | P22: =O22*I22
A23: =IF(G23<>"",1+MAX($A$7:A22),"") | B23: MD1.0 | F23: Remove Unused Interior Equipment Ductwork, Diffusers, Grilles, Hangers, Controls And Piping | G23: 1 | H23: 0 | I23: =G23*(1+H23) | J23: LS | K23: 0 | L23: 0 | M23: =K23*I23 | N23: =L23*I23 | O23: =L23+K23 | P23: =O23*I23
A24: =IF(G24<>"",1+MAX($A$7:A23),"") | B24: MD1.0 | F24: Remove Unused Roof Equipment Patch Roof To Match Existing | G24: 1 | H24: 0 | I24: =G24*(1+H24) | J24: LS | K24: 0 | L24: 0 | M24: =K24*I24 | N24: =L24*I24 | O24: =L24+K24 | P24: =O24*I24
A25: =IF(G25<>"",1+MAX($A$7:A24),"")
A26: =IF(G26<>"",1+MAX($A$7:A25),"") | F26: PLUMBING DEMOLITION
A27: =IF(G27<>"",1+MAX($A$7:A26),"") | B27: P2 | F27: Remove Existing Water Closet | G27: 2 | H27: 0 | I27: =G27*(1+H27) | J27: EA | K27: 0 | L27: 0 | M27: =K27*I27 | N27: =L27*I27 | O27: =L27+K27 | P27: =O27*I27
A28: =IF(G28<>"",1+MAX($A$7:A27),"") | B28: P2 | F28: Remove Existing Lavatory / Sink | G28: 4 | H28: 0 | I28: =G28*(1+H28) | J28: EA | K28: 0 | L28: 0 | M28: =K28*I28 | N28: =L28*I28 | O28: =L28+K28 | P28: =O28*I28
A29: =IF(G29<>"",1+MAX($A$7:A28),"") | B29: P2 | F29: Remove Existing Floor Drain | G29: 2 | H29: 0 | I29: =G29*(1+H29) | J29: EA | K29: 0 | L29: 0 | M29: =K29*I29 | N29: =L29*I29 | O29: =L29+K29 | P29: =O29*I29
A30: =IF(G30<>"",1+MAX($A$7:A29),"") | B30: P2 | F30: Remove Existing Drinking Fountain | G30: 1 | H30: 0 | I30: =G30*(1+H30) | J30: EA | K30: 0 | L30: 0 | M30: =K30*I30 | N30: =L30*I30 | O30: =L30+K30 | P30: =O30*I30
A31: =IF(G31<>"",1+MAX($A$7:A30),"") | B31: P2 | F31: Remove Existing Urinal | G31: 2 | H31: 0 | I31: =G31*(1+H31) | J31: EA | K31: 0 | L31: 0 | M31: =K31*I31 | N31: =L31*I31 | O31: =L31+K31 | P31: =O31*I31
A32: =IF(G32<>"",1+MAX($A$7:A31),"")
A33: =IF(G33<>"",1+MAX($A$7:A32),"") | F33: ELECTRICAL DEMOLITION
A34: =IF(G34<>"",1+MAX($A$7:A33),"") | B34: E1/E2 | F34: Remove Existing Electrical Fixtures, Devices, Circuits And Panels | G34: 1 | H34: 0 | I34: =G34*(1+H34) | J34: LS | K34: 0 | L34: 0 | M34: =K34*I34 | N34: =L34*I34 | O34: =L34+K34 | P34: =O34*I34
A35: =IF(G35<>"",1+MAX($A$7:A34),"")
A36: =IF(G36<>"",1+MAX($A$7:A35),"") | F36: DEMOLITION SUB TOTAL | M36: =SUM(M19:M35) | N36: =SUM(N19:N35) | Q36: =SUM(P19:P35)
A37: =IF(G37<>"",1+MAX($A$7:A36),"")
A38: =IF(G38<>"",1+MAX($A$7:A37),"") | E38: 22 00 00 | F38: PLUMBING
A39: =IF(G39<>"",1+MAX($A$7:A38),"") | F39: DOMESTIC WATER SYSTEM
A40: =IF(G40<>"",1+MAX($A$7:A39),"")
A41: =IF(G41<>"",1+MAX($A$7:A40),"") | F41: PIPING
A42: =IF(G42<>"",1+MAX($A$7:A41),"") | B42: P2 | C42: P4 | F42: 1/2" Cold Water Line | G42: 7.42 | H42: 0.1 | I42: =G42*(1+H42) | J42: LF | K42: 0 | L42: 0 | M42: =K42*I42 | N42: =L42*I42 | O42: =L42+K42 | P42: =O42*I42
A43: =IF(G43<>"",1+MAX($A$7:A42),"") | B43: P2 | C43: P4 | F43: 3/4" Cold Water Line | G43: 25 | H43: 0.1 | I43: =G43*(1+H43) | J43: LF | K43: 0 | L43: 0 | M43: =K43*I43 | N43: =L43*I43 | O43: =L43+K43 | P43: =O43*I43
A44: =IF(G44<>"",1+MAX($A$7:A43),"") | B44: P2 | C44: P4 | F44: 1" Cold Water Line | G44: 20.1323 | H44: 0.1 | I44: =G44*(1+H44) | J44: LF | K44: 0 | L44: 0 | M44: =K44*I44 | N44: =L44*I44 | O44: =L44+K44 | P44: =O44*I44
A45: =IF(G45<>"",1+MAX($A$7:A44),"") | B45: P2 | C45: P4 | F45: 1-1/4" Cold Water Line | G45: 10 | H45: 0.1 | I45: =G45*(1+H45) | J45: LF | K45: 0 | L45: 0 | M45: =K45*I45 | N45: =L45*I45 | O45: =L45+K45 | P45: =O45*I45
A46: =IF(G46<>"",1+MAX($A$7:A45),"") | B46: P2 | C46: P4 | F46: 1-1/2" Cold Water Line | G46: 45 | H46: 0.1 | I46: =G46*(1+H46) | J46: LF | K46: 0 | L46: 0 | M46: =K46*I46 | N46: =L46*I46 | O46: =L46+K46 | P46: =O46*I46
A47: =IF(G47<>"",1+MAX($A$7:A46),"") | B47: P2 | C47: P4 | F47: 1/2" Cold Water Line | G47: 42 | H47: 0.1 | I47: =G47*(1+H47) | J47: LF | K47: 0 | L47: 0 | M47: =K47*I47 | N47: =L47*I47 | O47: =L47+K47 | P47: =O47*I47
A48: =IF(G48<>"",1+MAX($A$7:A47),"") | B48: P2 | C48: P4 | F48: 1/2" Hot Water Line | G48: 94 | H48: 0.1 | I48: =G48*(1+H48) | J48: LF | K48: 0 | L48: 0 | M48: =K48*I48 | N48: =L48*I48 | O48: =L48+K48 | P48: =O48*I48
A49: =IF(G49<>"",1+MAX($A$7:A48),"") | B49: P2 | C49: P4 | F49: 1/2" Recirculating Hot Water Line | G49: 44.8993 | H49: 0.1 | I49: =G49*(1+H49) | J49: LF | K49: 0 | L49: 0 | M49: =K49*I49 | N49: =L49*I49 | O49: =L49+K49 | P49: =O49*I49
A50: =IF(G50<>"",1+MAX($A$7:A49),"") | B50: P2 | C50: P4 | F50: 3/4" Hot Water Line | G50: 25 | H50: 0.1 | I50: =G50*(1+H50) | J50: LF | K50: 0 | L50: 0 | M50: =K50*I50 | N50: =L50*I50 | O50: =L50+K50 | P50: =O50*I50
A51: =IF(G51<>"",1+MAX($A$7:A50),"") | B51: P2 | C51: P4 | F51: 3/4" Recirculating Hot Water Line | G51: 20 | H51: 0.1 | I51: =G51*(1+H51) | J51: LF | K51: 0 | L51: 0 | M51: =K51*I51 | N51: =L51*I51 | O51: =L51+K51 | P51: =O51*I51
A52: =IF(G52<>"",1+MAX($A$7:A51),"") | B52: P2 | C52: P4 | F52: 1" Hot Water Line | G52: 10 | H52: 0.1 | I52: =G52*(1+H52) | J52: LF | K52: 0 | L52: 0 | M52: =K52*I52 | N52: =L52*I52 | O52: =L52+K52 | P52: =O52*I52
A53: =IF(G53<>"",1+MAX($A$7:A52),"") | B53: P2 | C53: P4 | F53: 1" Recirculating Hot Water Line | G53: 20 | H53: 0.1 | I53: =G53*(1+H53) | J53: LF | K53: 0 | L53: 0 | M53: =K53*I53 | N53: =L53*I53 | O53: =L53+K53 | P53: =O53*I53
A54: =IF(G54<>"",1+MAX($A$7:A53),"") | B54: P2 | C54: P3 | F54: Type K Copper Under Slab Poly Tape Wrap And Armaflex Insulation | G54: 8 | H54: 0.1 | I54: =G54*(1+H54) | J54: LF | K54: 0 | L54: 0 | M54: =K54*I54 | N54: =L54*I54 | O54: =L54+K54 | P54: =O54*I54
A55: =IF(G55<>"",1+MAX($A$7:A54),"")
A56: =IF(G56<>"",1+MAX($A$7:A55),"") | F56: INSULATION
A57: =IF(G57<>"",1+MAX($A$7:A56),"") | B57: P2 | C57: P4 | F57: Insulation On Domestic Cold Water Lines 1/2" Fiberglass With ASJ Jacket | G57: 159 | H57: 0.1 | I57: =G57*(1+H57) | J57: LF | K57: 0 | L57: 0 | M57: =K57*I57 | N57: =L57*I57 | O57: =L57+K57 | P57: =O57*I57
A58: =IF(G58<>"",1+MAX($A$7:A57),"") | B58: P2 | C58: P4 | F58: Insulation On Hot Water Lines 1" Fiberglass With ASJ Jacket | G58: 170 | H58: 0.1 | I58: =G58*(1+H58) | J58: LF | K58: 0 | L58: 0 | M58: =K58*I58 | N58: =L58*I58 | O58: =L58+K58 | P58: =O58*I58
A59: =IF(G59<>"",1+MAX($A$7:A58),"") | B59: P2 | C59: P2 | F59: Lavatory Insulation Kit Mfg: Truebro Handi Lav-Guard | G59: 4 | H59: 0 | I59: =G59*(1+H59) | J59: EA | K59: 0 | L59: 0 | M59: =K59*I59 | N59: =L59*I59 | O59: =L59+K59 | P59: =O59*I59
A60: =IF(G60<>"",1+MAX($A$7:A59),"")
A61: =IF(G61<>"",1+MAX($A$7:A60),"") | F61: EQUIPMENT
A62: =IF(G62<>"",1+MAX($A$7:A61),"") | B62: P2 | C62: P2 | F62: HW-1: Water Heater Mfg: State PCE 20 10MSA Size: 20 Gal, 4.0 KW, 208/1/60 | G62: 1 | H62: 0 | I62: =G62*(1+H62) | J62: EA | K62: 0 | L62: 0 | M62: =K62*I62 | N62: =L62*I62 | O62: =L62+K62 | P62: =O62*I62
A63: =IF(G63<>"",1+MAX($A$7:A62),"") | B63: P2 | C63: P2 | F63: Water Heater Shelf Mfg: Holdrite Quick Stand Hubbard Model: 40-SWHP WM | G63: 1 | H63: 0 | I63: =G63*(1+H63) | J63: EA | K63: 0 | L63: 0 | M63: =K63*I63 | N63: =L63*I63 | O63: =L63+K63 | P63: =O63*I63
A64: =IF(G64<>"",1+MAX($A$7:A63),"") | B64: P2 | C64: P2 | F64: T&P Relief Valve Mfg: Watts 100XL-4-125 | G64: 1 | H64: 0 | I64: =G64*(1+H64) | J64: EA | K64: 0 | L64: 0 | M64: =K64*I64 | N64: =L64*I64 | O64: =L64+K64 | P64: =O64*I64
A65: =IF(G65<>"",1+MAX($A$7:A64),"") | B65: P2 | C65: P2 | F65: PP-1: Recirculation Pump Mfg: Taco 006 5 GPM, 5 TDH, 1/40 HP, 120/1/60 | G65: 1 | H65: 0 | I65: =G65*(1+H65) | J65: EA | K65: 0 | L65: 0 | M65: =K65*I65 | N65: =L65*I65 | O65: =L65+K65 | P65: =O65*I65
A66: =IF(G66<>"",1+MAX($A$7:A65),"") | B66: P4 | C66: P4 | F66: Expansion Tank Mfg: Amtrol Therm-X-Trol ST-5 Size: 2.0 Gal | G66: 1 | H66: 0 | I66: =G66*(1+H66) | J66: EA | K66: 0 | L66: 0 | M66: =K66*I66 | N66: =L66*I66 | O66: =L66+K66 | P66: =O66*I66
A67: =IF(G67<>"",1+MAX($A$7:A66),"") | B67: P2 | C67: P3 | F67: Thermostatic Mixing Valve | G67: 1 | H67: 0 | I67: =G67*(1+H67) | J67: EA | K67: 0 | L67: 0 | M67: =K67*I67 | N67: =L67*I67 | O67: =L67+K67 | P67: =O67*I67
A68: =IF(G68<>"",1+MAX($A$7:A67),"") | B68: P4 | C68: P4 | F68: Water Hammer Arrestor | G68: 6 | H68: 0 | I68: =G68*(1+H68) | J68: EA | K68: 0 | L68: 0 | M68: =K68*I68 | N68: =L68*I68 | O68: =L68+K68 | P68: =O68*I68
A69: =IF(G69<>"",1+MAX($A$7:A68),"") | B69: P2 | C69: P4 | F69: Shut Off Valve | G69: 7 | H69: 0 | I69: =G69*(1+H69) | J69: EA | K69: 0 | L69: 0 | M69: =K69*I69 | N69: =L69*I69 | O69: =L69+K69 | P69: =O69*I69
A70: =IF(G70<>"",1+MAX($A$7:A69),"") | B70: P2 | C70: P4 | F70: Balancing Valve Set @ 0.5 GPM | G70: 3 | H70: 0 | I70: =G70*(1+H70) | J70: EA | K70: 0 | L70: 0 | M70: =K70*I70 | N70: =L70*I70 | O70: =L70+K70 | P70: =O70*I70
A71: =IF(G71<>"",1+MAX($A$7:A70),"") | B71: P2 | F71: Valve In Janitor's Closet | G71: 4 | H71: 0 | I71: =G71*(1+H71) | J71: EA | K71: 0 | L71: 0 | M71: =K71*I71 | N71: =L71*I71 | O71: =L71+K71 | P71: =O71*I71
A72: =IF(G72<>"",1+MAX($A$7:A71),"") | B72: P2 | F72: Connect To Existing Cold Water Line | G72: 1 | H72: 0 | I72: =G72*(1+H72) | J72: EA | K72: 0 | L72: 0 | M72: =K72*I72 | N72: =L72*I72 | O72: =L72+K72 | P72: =O72*I72
A73: =IF(G73<>"",1+MAX($A$7:A72),"")
A74: =IF(G74<>"",1+MAX($A$7:A73),"") | F74: SANITARY SEWER SYSTEM
A75: =IF(G75<>"",1+MAX($A$7:A74),"")
A76: =IF(G76<>"",1+MAX($A$7:A75),"") | F76: PIPING
A77: =IF(G77<>"",1+MAX($A$7:A76),"") | B77: P2 | C77: P4 | F77: 2" Sanitary Line | G77: =8 | H77: 0.1 | I77: =G77*(1+H77) | J77: LF | K77: 0 | L77: 0 | M77: =K77*I77 | N77: =L77*I77 | O77: =L77+K77 | P77: =O77*I77
A78: =IF(G78<>"",1+MAX($A$7:A77),"") | B78: P2 | C78: P4 | F78: 3" Sanitary Line | G78: =21.3571+3.015 | H78: 0.1 | I78: =G78*(1+H78) | J78: LF | K78: 0 | L78: 0 | M78: =K78*I78 | N78: =L78*I78 | O78: =L78+K78 | P78: =O78*I78
A79: =IF(G79<>"",1+MAX($A$7:A78),"") | B79: P2 | C79: P4 | F79: 4" Sanitary Line | G79: 11 | H79: 0.1 | I79: =G79*(1+H79) | J79: LF | K79: 0 | L79: 0 | M79: =K79*I79 | N79: =L79*I79 | O79: =L79+K79 | P79: =O79*I79
A80: =IF(G80<>"",1+MAX($A$7:A79),"") | B80: P2 | C80: P4 | F80: 1-1/2" Vent Line | G80: 25 | H80: 0.1 | I80: =G80*(1+H80) | J80: LF | K80: 0 | L80: 0 | M80: =K80*I80 | N80: =L80*I80 | O80: =L80+K80 | P80: =O80*I80
A81: =IF(G81<>"",1+MAX($A$7:A80),"") | B81: P2 | C81: P4 | F81: 2" Vent Line | G81: 42 | H81: 0.1 | I81: =G81*(1+H81) | J81: LF | K81: 0 | L81: 0 | M81: =K81*I81 | N81: =L81*I81 | O81: =L81+K81 | P81: =O81*I81
A82: =IF(G82<>"",1+MAX($A$7:A81),"") | B82: P2 | F82: Saw Cut, Trench And Patch Floor For Below Grade Piping | G82: =21.3571+1.8867 | H82: 0.1 | I82: =G82*(1+H82) | J82: LF | K82: 0 | L82: 0 | M82: =K82*I82 | N82: =L82*I82 | O82: =L82+K82 | P82: =O82*I82
A83: =IF(G83<>"",1+MAX($A$7:A82),"") | B83: P2 | F83: Connect To Existing Sanitary And Vent Piping | G83: 5 | H83: 0 | I83: =G83*(1+H83) | J83: EA | K83: 0 | L83: 0 | M83: =K83*I83 | N83: =L83*I83 | O83: =L83+K83 | P83: =O83*I83
A84: =IF(G84<>"",1+MAX($A$7:A83),"") | B84: P2 | C84: P2 | F84: FCO-1: Floor Cleanout Mfg: J.R. Smith 4020 Series | G84: 7 | H84: 0 | I84: =G84*(1+H84) | J84: EA | K84: 0 | L84: 0 | M84: =K84*I84 | N84: =L84*I84 | O84: =L84+K84 | P84: =O84*I84
A85: =IF(G85<>"",1+MAX($A$7:A84),"") | B85: P2 | C85: P2 | F85: WCO-1: Wall Cleanout Mfg: J.R. Smith 4402 Series | G85: 9 | H85: 0 | I85: =G85*(1+H85) | J85: EA | K85: 0 | L85: 0 | M85: =K85*I85 | N85: =L85*I85 | O85: =L85+K85 | P85: =O85*I85
A86: =IF(G86<>"",1+MAX($A$7:A85),"") | B86: P2 | F86: Plug Unused Sanitary Connections And Patch Floor | G86: 1 | H86: 0 | I86: =G86*(1+H86) | J86: LS | K86: 0 | L86: 0 | M86: =K86*I86 | N86: =L86*I86 | O86: =L86+K86 | P86: =O86*I86
A87: =IF(G87<>"",1+MAX($A$7:A86),"")
A88: =IF(G88<>"",1+MAX($A$7:A87),"") | F88: FIXTURE
A89: =IF(G89<>"",1+MAX($A$7:A88),"") | B89: P2 | C89: P2 | F89: P-1 / P-1H: Water Closet Mfg: Kohler Wellcomme K-96053-0, Kohler Highcliff K-96057-0 (ADA) Size: 1.28 GPF | G89: 3 | H89: 0 | I89: =G89*(1+H89) | J89: EA | K89: 0 | L89: 0 | M89: =K89*I89 | N89: =L89*I89 | O89: =L89+K89 | P89: =O89*I89
A90: =IF(G90<>"",1+MAX($A$7:A89),"") | B90: P2 | C90: P2 | F90: Flush Valve Mfg: Sloan Royal 111-1.28 With Vacuum Breaker And VBF-72-A Trap Primer Valve | G90: 3 | H90: 0 | I90: =G90*(1+H90) | J90: EA | K90: 0 | L90: 0 | M90: =K90*I90 | N90: =L90*I90 | O90: =L90+K90 | P90: =O90*I90
A91: =IF(G91<>"",1+MAX($A$7:A90),"") | B91: P2 | C91: P2 | F91: P-2H: Urinal (ADA) Mfg: Kohler Bardon K-4991-ET-0 Flush Valve: Sloan 186-.125 | G91: 1 | H91: 0 | I91: =G91*(1+H91) | J91: EA | K91: 0 | L91: 0 | M91: =K91*I91 | N91: =L91*I91 | O91: =L91+K91 | P91: =O91*I91
A92: =IF(G92<>"",1+MAX($A$7:A91),"") | B92: P2 | C92: P2 | F92: P-3H: Lavatory (ADA) Mfg: American Standard Lucerne Model: 0355.012 Faucet: American Standard 5502175.002 | G92: 4 | H92: 0 | I92: =G92*(1+H92) | J92: EA | K92: 0 | L92: 0 | M92: =K92*I92 | N92: =L92*I92 | O92: =L92+K92 | P92: =O92*I92
A93: =IF(G93<>"",1+MAX($A$7:A92),"") | B93: P2 | C93: P2 | F93: P-4H: Locker Room Sink Mfg: Elkay Celebrity GECR25213 Faucet: American Standard 6405.170 | G93: 1 | H93: 0 | I93: =G93*(1+H93) | J93: EA | K93: 0 | L93: 0 | M93: =K93*I93 | N93: =L93*I93 | O93: =L93+K93 | P93: =O93*I93
A94: =IF(G94<>"",1+MAX($A$7:A93),"") | B94: P2 | C94: P2 | F94: P-5: Janitor's Sink Mfg: Florestone Terrazzo Model #91 Faucet: Central Brass 0054-YELSRC-Q | G94: 1 | H94: 0 | I94: =G94*(1+H94) | J94: EA | K94: 0 | L94: 0 | M94: =K94*I94 | N94: =L94*I94 | O94: =L94+K94 | P94: =O94*I94
A95: =IF(G95<>"",1+MAX($A$7:A94),"") | B95: P2 | C95: P4 | F95: DF-1H: Drinking Fountain (ADA) | G95: 1 | H95: 0 | I95: =G95*(1+H95) | J95: EA | K95: 0 | L95: 0 | M95: =K95*I95 | N95: =L95*I95 | O95: =L95+K95 | P95: =O95*I95
A96: =IF(G96<>"",1+MAX($A$7:A95),"") | B96: P2 | C96: P2 | F96: FD-1: Floor Drain Mfg: J.R. Smith 2005 Series With Trap Seal | G96: =2+1 | H96: 0 | I96: =G96*(1+H96) | J96: EA | K96: 0 | L96: 0 | M96: =K96*I96 | N96: =L96*I96 | O96: =L96+K96 | P96: =O96*I96
A97: =IF(G97<>"",1+MAX($A$7:A96),"") | B97: P2 | C97: P2 | F97: TPV-1: Trap Primer Mfg: Precision Plumbing Oregon #1 | G97: 1 | H97: 0 | I97: =G97*(1+H97) | J97: EA | K97: 0 | L97: 0 | M97: =K97*I97 | N97: =L97*I97 | O97: =L97+K97 | P97: =O97*I97
A98: =IF(G98<>"",1+MAX($A$7:A97),"") | B98: P2 | F98: Fixture Stops, Supply Tubing, P-Traps And Escutcheons | G98: 1 | H98: 0 | I98: =G98*(1+H98) | J98: LS | K98: 0 | L98: 0 | M98: =K98*I98 | N98: =L98*I98 | O98: =L98+K98 | P98: =O98*I98
A99: =IF(G99<>"",1+MAX($A$7:A98),"")
A100: =IF(G100<>"",1+MAX($A$7:A99),"") | F100: GAS SYSTEM
...

Sheet PRICE SUMMARY
C3: PROJECT | D3: ='DETAIL ESTIMATE'!C$1 | I3: ='DETAIL ESTIMATE'!Q$1
C4: ADDRESS | D4: ='DETAIL ESTIMATE'!C$2
D5: DESCRIPTION | F5: LABOR W/O O&P | G5: MATERIAL W/O O&P | H5: SUBTOTAL W/O O&P | I5: TOTAL INCLUDING O&P
D6: GENERAL REQUIREMENTS | F6: ='DETAIL ESTIMATE'!M$16 | G6: ='DETAIL ESTIMATE'!N$16 | H6: =+F6+G6 | I6: =+H6*(1+E$23)
D7: DEMOLITION | F7: ='DETAIL ESTIMATE'!M$36 | G7: ='DETAIL ESTIMATE'!N$36 | H7: =+F7+G7 | I7: =+H7*(1+E$23)
D8: PLUMBING | F8: ='DETAIL ESTIMATE'!M$119 | G8: ='DETAIL ESTIMATE'!N$119 | H8: =+F8+G8 | I8: =+H8*(1+E$23)
D9: HVAC | F9: ='DETAIL ESTIMATE'!M$208 | G9: ='DETAIL ESTIMATE'!N$208 | H9: =+F9+G9 | I9: =+H9*(1+E$23)
D10: ELECTRICAL | F10: ='DETAIL ESTIMATE'!M$291 | G10: ='DETAIL ESTIMATE'!N$291 | H10: =+F10+G10 | I10: =+H10*(1+E$23)
D21: Subtotal | F21: =SUM(F6:F20) | G21: =SUM(G6:G20) | H21: =SUM(H6:H20) | I21: =SUM(I6:I20)
D22: ='DETAIL ESTIMATE'!A$294 | E22: ='DETAIL ESTIMATE'!K$294 | H22: =+G21*E22
D23: Overhead and profit | E23: ='DETAIL ESTIMATE'!K$295 | H23: =+H21*E23 | I23: =G21*E22
D24: TOTAL BASE BID (INCL. OVERHEAD AND PROFIT) | H24: =SUM(H21:H23) | I24: =SUM(I21:I23)
D26: See next tab for detailed estimate.
